Cogmind - Beta 15 @@@ ROGUE MODE // 2025.08.31 @ 22:43:39 Player: SpeltIncorrectyl Result: Destroyed by U5-66K(j) with Overtuned Pulse Rifle Performance ------------- Evolutions (0) 0 Regions Visited (4) 800 Robots Destroyed (17) 85 Value Destroyed (577) 577 Prototype IDs (0) 0 Alien Tech Used (0) 0 Bonus (-23) -23 TOTAL SCORE: 1439 Bonus ------- Friendly Fire -23 Cogmind --------- Core Integrity 0/250 Matter 289/300 Energy 100/100 System Corruption 0% Temperature Cool (12) Movement Core (400) Ox7 Location -8/Recycling Parts ------- > --- POWER (1) -------- (None) > --- PROPULSION (2) --- (None) > --- UTILITY (2) ------ Large Storage Unit > --- WEAPON (2) ------- Rocket Launcher > --- INVENTORY (15) --- Light Ion Engine Cesium-ion Thruster Scrap Engine Scrap Shield Authchip [Propulsion] Authchip [Processor] Authchip [Weapon] Peak State ------------ > --- POWER ------------ (None) > --- PROPULSION ------- Overtuned Titanium Leg Airjet > --- UTILITY ---------- Large Storage Unit > --- WEAPON ----------- Subdweller Machine Gun Subdweller Machine Gun > --- INVENTORY -------- Light Ion Engine Cesium-ion Thruster Scrap Engine Scrap Shield Authchip [Propulsion] Authchip [Processor] Authchip [Weapon] Grenade Launcher Rocket Launcher [Rating: 15] Favorites ----------- Power Ion Engine Engine Ion Engine Propulsion Wheel Treads Light Treads Leg Overtuned Titanium Leg Wheel Wheel Hover Unit Airjet Utility Medium Storage Unit Storage Medium Storage Unit Weapon Subdweller Machine Gun Ballistic Gun Subdweller Machine Gun Launcher Grenade Launcher Build | -11 -10 -10 -10 -8 ------- Run | Yrd Mat Min Sub Rec Slots Evolved . | . . . . . Power . | . . . . . Propulsion . | . . . . . Utility . | . . . . . Weapon . | . . . . . Parts Attached 16 | 8 2 1 2 3 Power 1 | 1 . . . . Engine 1 | 1 . . . . Core . | . . . . . Reactor . | . . . . . Propulsion 6 | 4 . . . 2 Treads 2 | 2 . . . . Leg 1 | . . . . 1 Wheel 2 | 2 . . . . Hover 1 | . . . . 1 Flight . | . . . . . Utility 3 | 1 1 . . 1 Device . | . . . . . Storage 3 | 1 1 . . 1 Processor . | . . . . . Hackware . | . . . . . Protection . | . . . . . Artifact . | . . . . . Weapon 6 | 2 1 1 2 . Energy Gun . | . . . . . Energy Cannon . | . . . . . Ballistic Gun 4 | 2 . . 2 . Ballistic Cannon . | . . . . . Launcher 2 | . 1 1 . . Special Weapon . | . . . . . Impact Weapon . | . . . . . Slashing Weapon . | . . . . . Piercing Weapon . | . . . . . Special Melee Weapon . | . . . . . Unidentified Prototypes . | . . . . . Parts Lost 8 | . . . . 8 Power 1 | . . . . 1 Propulsion 4 | . . . . 4 Utility . | . . . . . Weapon 3 | . . . . 3 Highest Loss Streak 7 | . . . . 7 To Critical Strikes . | . . . . . Average Backups 7 | . 4 9 8 8 Power . | . 1 1 1 1 Propulsion 2 | . 1 3 3 1 Utility 2 | . 1 3 3 4 Weapon 1 | . . 2 1 1 Tool/Special . | . . . . . Unused Backups 13 | . . . 2 11 Power 1 | . . . . 1 Propulsion 4 | . . . . 4 Utility 7 | . . . 1 6 Weapon 1 | . . . 1 . Tool/Special . | . . . . . Average Slot Usage (%) 80 | . 85 85 85 73 Engine 11 | . 14 14 14 6 Wheel 26 | . 28 28 28 24 Storage 14 | . 14 14 14 14 Ballistic Gun 16 | . 28 11 2 25 Launcher 10 | . . 16 25 . Peak Build Rating 15 | 6 6 8 9 15 Average Rating 7 | 3 5 6 8 9 On Entrance 5 | . 6 6 8 9 Naked Turns . | . . . . . Heaviest Build 33 | 13 20 22 23 33 Greatest Support 26 | 26 26 26 26 26 Greatest Overweight (x) 7 | . . . . 7 Average Overweight (x) . | . . . . . Largest Inventory Capacity 15 | 8 10 10 10 15 Average Capacity 10 | 7 9 10 10 12 Most Carried 12 | 4 10 10 10 12 Average Carried 8 | 1 4 9 9 10 Final Capacity 15 | 8 10 10 10 15 Final Carried 10 | 1 9 10 10 9 Class Distribution -------------------- 100% | Mutant Dominant Class ---------------- Mutant | -10/Materials Mutant | -10/Mines Mutant | -10/Subcaves Mutant | -8/Recycling Resources | -11 -10 -10 -10 -8 ----------- Run | Yrd Mat Min Sub Rec Matter Collected 597 | 280 42 . 212 63 Remotely . | . . . . . Salvage Created 493 | . 92 . 207 194 Parts 35 | . 7 . 17 11 Haulers Intercepted 2 | . 2 . . . Recyclers Shooed . | . . . . . Parts Field Recycled . | . . . . . Retrieved Matter . | . . . . . Parts Self-Destructed 10 | . . . 10 . Prevented . | . . . . . Kills | -11 -10 -10 -10 -8 ------- Run | Yrd Mat Min Sub Rec Combat Hostiles Destroyed 13 | . . . 10 3 Guns 4 | . . . 1 3 AOE 9 | . . . 9 . Classes Destroyed 7 | . 1 . 3 3 Hauler 2 | . 2 . . . Turret 2 | . . . 2 . Swarmer 1 | . . . 1 . Sentry 1 | . . . . 1 Subdweller 9 | . . . 9 . Scientist 1 | . . . . 1 Scrapper 2 | . . . . 2 Best Kill Streak 7 | . 1 . 7 2 Combat Bots Only 7 | . . . 7 2 Max Kills in Single Turn 3 | . 1 . 3 1 Gunslinging . | . . . . . Exploded 3 | . . . 3 . Melee . | . . . . . Uniques/NPCs Destroyed . | . . . . . Combat | -11 -10 -10 -10 -8 -------- Run | Yrd Mat Min Sub Rec Hostile Shots Fired 73 | . . . 38 35 Missed 22 | . . . 19 3 Hits 51 | . . . 19 32 Projectile 51 | . . . 19 32 Critical Strikes 2 | . . . . 2 Damage Taken 964 | . . . 221 743 Core 265 | . . . 43 222 Absorbed by Shields . | . . . . . Core Remaining (%) 100 | 100 . . . . Volleys Fired 38 | . 10 . 13 15 Largest 2 | . 2 . 2 2 Hottest 63 | . 40 . 63 60 Shots Fired 67 | . 20 . 26 21 Gun 53 | . 20 . 14 19 Cannon . | . . . . . Launcher 14 | . . . 12 2 Special . | . . . . . Kinetic 53 | . 20 . 14 19 Thermal . | . . . . . Explosive 14 | . . . 12 2 Electromagnetic . | . . . . . Robot Hit Streak 14 | . 4 . 10 14 Robot Miss Streak 3 | . 3 . 2 1 Penetration Max . | . . . . . Secondary Targets 1 | . . . . 1 Max Gunslinging Chain 1 | . . . . 1 Shots Hit Robots 45 | . 11 . 16 18 Core Hits 41 | . 4 . 28 9 Critical Kills . | . . . . . Critical Parts Destroyed . | . . . . . Critical Strikes . | . . . . . Melee Attacks . | . . . . . Impact . | . . . . . Slashing . | . . . . . Piercing . | . . . . . Sneak Attacks . | . . . . . Combat Hostiles . | . . . . . Follow-up Attacks . | . . . . . Damage Inflicted 1985 | . 112 . 1439 434 Guns 599 | . 112 . 158 329 Cannons . | . . . . . Explosions 1384 | . . . 1281 103 Melee . | . . . . . Ramming 2 | . . . . 2 Kinetic 599 | . 112 . 158 329 Thermal . | . . . . . Explosive 1384 | . . . 1281 103 Electromagnetic . | . . . . . Impact . | . . . . . Slashing . | . . . . . Piercing . | . . . . . Highest Corruption . | . . . . . Average Corruption . | . . . . . Corruption Purged . | . . . . . Corruption Blocked . | . . . . . Overload Shots . | . . . . . Overflow Damage . | . . . . . Projectiles . | . . . . . Explosions . | . . . . . Melee . | . . . . . Knockbacks . | . . . . . Impact . | . . . . . Kinetic . | . . . . . Secondary . | . . . . . Self-Inflicted Damage 101 | . . . 23 78 Shots 3 | . . . 1 2 Rammed . | . . . . . Targets Rammed 2 | . . . . 2 Kicked 2 | . . . . 2 Crushed . | . . . . . Highest Temperature 35 | . . . . 35 Average Temperature 10 | . . . . 10 Received Heat Transfer 497 | . . . 78 419 Siege Activations . | . . . . . Martial Activations . | . . . . . Shielding Activations . | . . . . . Robots Disrupted . | . . . . . Combat Hostiles . | . . . . . Robots Corrupted . | . . . . . Combat Hostiles . | . . . . . Parts Fried . | . . . . . Impact Corruptions . | . . . . . Robots Melted . | . . . . . Combat Hostiles . | . . . . . Parts Melted 1 | . . . . 1 Heat Transferred . | . . . . . Parts Sabotaged . | . . . . . Parts Stolen . | . . . . . Parts Stripped . | . . . . . Power Chain Reactions . | . . . . . Alert | -11 -10 -10 -10 -8 ------- Run | Yrd Mat Min Sub Rec Maximum Alert Level . | . . . . . Low Security (%) 100 | 100 100 100 . 100 Level 1 . | . . . . . Level 2 . | . . . . . Level 3 . | . . . . . Level 4 . | . . . . . Level 5 . | . . . . . High Security . | . . . . . Max Security . | . . . . . Peak Influence 31 | . 8 . . 31 Initial 31 | . . . . 31 Average 1 | . . . . 2 Influence Increases 141 | . 22 . 90 29 Destroy 0b10 Robot/C 80 | . . . 60 20 Destroy 0b10 Robot/NC 10 | . 10 . . . Destroy Leader 4 | . 4 . . . Successful Hack 17 | . 8 . . 9 Lose Combat Pursuer 30 | . . . 30 . Influence Decreases 141 | . 22 . 24 95 Entered New Map 35 | . . . . 35 Time Decay 106 | . 22 . 24 60 Squads Dispatched 1 | . 1 . . . Investigation . | . . . . . Extermination . | . . . . . Reinforcement 1 | . 1 . . . Assault . | . . . . . Garrison . | . . . . . Intercept . | . . . . . Searches Triggered . | . . . . . Construction Impeded . | . . . . . Haulers Reinforced . | . . . . . Active Scanning Responses . | . . . . . Cargo Convoy Interrupts . | . . . . . Stealth | -11 -10 -10 -10 -8 --------- Run | Yrd Mat Min Sub Rec Distress Signals . | . . . . . Communications Jammed . | . . . . . Distress Signals . | . . . . . Times Spotted 26 | . 1 . 21 4 Peak Tracking Total 10 | . 1 . 10 4 Tactical Retreats 1 | . . . 1 . Traps | -11 -10 -10 -10 -8 ------- Run | Yrd Mat Min Sub Rec Traps Triggered . | . . . . . Indirectly . | . . . . . Trap Hack Attempts . | . . . . . Triggered . | . . . . . Disarmed . | . . . . . Reprogrammed . | . . . . . Reused . | . . . . . Traps Extracted . | . . . . . Installed . | . . . . . Triggered . | . . . . . Machines | -11 -10 -10 -10 -8 ---------- Run | Yrd Mat Min Sub Rec Machines Disabled 1 | . . . . 1 Max in Single Turn 1 | . . . . 1 Machines Repaired . | . . . . . Machines Dismantled . | . . . . . Machines Sabotaged . | . . . . . Overloaded Fab Kills . | . . . . . Hacking | -11 -10 -10 -10 -8 --------- Run | Yrd Mat Min Sub Rec Machines Accessed 9 | . 2 . 1 6 Terminals 6 | . 2 . . 4 Fabricators . | . . . . . Repair Stations . | . . . . . Recycling Units . | . . . . . Scanalyzers . | . . . . . Garrison Access . | . . . . . Total Hacks 41 | . 2 . 5 34 Successful 35 | . 2 . 5 28 Failed 6 | . . . . 6 Catastrophic 3 | . . . . 3 Database Lockouts . | . . . . . Manual 8 | . 2 . . 6 Terminals 10 | . 2 . . 8 Fabricators . | . . . . . Repair Stations . | . . . . . Recycling Units . | . . . . . Scanalyzers . | . . . . . Garrison Access . | . . . . . Terminal Hacks 35 | . 2 . 5 28 Record 30 | . . . 5 25 Branch Access Points 1 | . 1 . . . Terminal Index 2 | . 1 . . 1 Release Object 2 | . . . . 2 Fabricator Hacks . | . . . . . Repair Station Hacks . | . . . . . Recycling Unit Hacks . | . . . . . Scanalyzer . | . . . . . Garrison Access Hacks . | . . . . . Unauthorized Hacks . | . . . . . Terminals . | . . . . . Fabricators . | . . . . . Repair Stations . | . . . . . Recycling Units . | . . . . . Scanalyzers . | . . . . . Garrison Access . | . . . . . Data Cores Recovered . | . . . . . Used . | . . . . . Hacking Detections 4 | . 1 . . 3 Full Trace Events . | . . . . . Feedback Events . | . . . . . Feedback Blocked . | . . . . . Robot Schematics Acquired . | . . . . . Robots Built . | . . . . . Authchips . | . . . . . Time . | . . . . . Total Robot Build Rating . | . . . . . Part Schematics Acquired . | . . . . . Parts Built . | . . . . . Authchips . | . . . . . Time . | . . . . . Total Part Build Rating . | . . . . . Parts Repaired . | . . . . . Time . | . . . . . Parts Recycled . | . . . . . Recycled Matter . | . . . . . Retrieved Matter . | . . . . . Retrieved Components . | . . . . . Parts Scanalyzed . | . . . . . Part Schematics Acquired . | . . . . . Parts Damaged . | . . . . . Bothacking | -11 -10 -10 -10 -8 ------------ Run | Yrd Mat Min Sub Rec Used RIF Installer . | . . . . . Robots Hacked . | . . . . . Non-combat . | . . . . . Combat . | . . . . . Robot Hacks Applied . | . . . . . Relay Couplers Released . | . . . . . Fabnet Peak Effective % . | . . . . . Robots Rewired . | . . . . . Allies Hacked . | . . . . . Hacks Repelled . | . . . . . Allies | -11 -10 -10 -10 -8 -------- Run | Yrd Mat Min Sub Rec Total Allies . | . . . . . Largest Group . | . . . . . Highest-Rated Group . | . . . . . Highest-Rated Ally . | . . . . . Total Orders . | . . . . . Ally Attacks . | . . . . . Total Damage . | . . . . . Kills . | . . . . . Allies Corrupted . | . . . . . Allies Melted . | . . . . . Intel | -11 -10 -10 -10 -8 ------- Run | Yrd Mat Min Sub Rec Active Infowar (turns) . | . . . . . Robot Analysis Total . | . . . . . Derelict Logs Recovered 1 | . . . 1 . Drone Launches . | . . . . . Drone Recoveries . | . . . . . Exploration | -11 -10 -10 -10 -8 ------------- Run | Yrd Mat Min Sub Rec Turns Passed 1637 | 60 324 89 587 577 Spaces Moved 1548 | 52 308 94 589 505 Core 15 | 11 . . . 4 Treads . | . . . . . Legs 13 | . . . . 13 Wheels 1518 | 41 308 94 589 486 Hover 2 | . . . . 2 Flight . | . . . . . Fastest Speed 50 | 50 90 90 90 90 Average Speed 93 | 81 90 90 90 102 Slowest Speed 400 | 90 90 90 90 400 Overloaded Moves . | . . . . . Propulsion Burnouts . | . . . . . Robots Hopped . | . . . . . Potential Cave-ins 5 | . . . 5 . Cave-ins Triggered . | . . . . . Exploration Rate (%) 36 | 3 38 27 45 68 Regions Visited 4 Branch Regions 3 Pre-discovered Areas . | . . . . . Known Exits Taken 2 | . 1 . 1 . Unknown Exits Taken 2 | 1 . 1 . . Scrap Searched . | . . . . . Spaces Dug . | . . . . . Terrain Destroyed 78 | . . . 78 . Melee . | . . . . . Projectile . | . . . . . AOE 78 | . . . 78 . Terrain Rammed . | . . . . . Walls Destroyed . | . . . . . Machines Disabled . | . . . . . Actions | -11 -10 -10 -10 -8 --------- Run | Yrd Mat Min Sub Rec Total 1674 | 70 337 98 623 546 Wait 20 | . 7 . 6 7 Move 1544 | 51 307 93 588 505 Hop . | . . . . . Pick Up 33 | 9 9 2 6 7 Fast Attach . | . . . . . Attach 18 | 8 2 1 2 5 Detach 2 | . 1 . 1 . Swap 1 | . . 1 . . Drop 16 | 2 1 1 7 5 Fire 38 | . 10 . 13 15 Melee . | . . . . . Ram . | . . . . . Kick 2 | . . . . 2 Crush . | . . . . . Escape Stasis . | . . . . . Rewire . | . . . . . Trap . | . . . . . Miscellaneous . | . . . . . Route ------- -11/Scrapyard -10/Materials (discovered 3 exits: [*Mat] / *Min x2) -10/Mines -10/Subcaves (discovered 2 exits: [*Mat] / *Rec) -8/Recycling (discovered 1 exit: [*Fac]) History --------- Turn | Location | Event 15 | -11/Scrapyard | Discovered new exit (range 16) 61 | -11/Scrapyard | Entered Materials 123 | -10/Materials | Identified exit to Mines 302 | -10/Materials | Build established: Mutant 344 | -10/Materials | Discovered new exit (range 5) 385 | -10/Materials | Entered Mines 413 | -10/Mines | Assembled infested the area 418 | -10/Mines | Assisted by a Guerilla fighting off Assembled 450 | -10/Mines | Received a Rocket Launcher from a helpful Derelict 466 | -10/Mines | Discovered new exit (range 10) 474 | -10/Mines | Entered Subcaves 600 | -10/Subcaves | Ambushed by swarm of Subdwellers 601 | -10/Subcaves | Ambushed by Subdwellers from Twisted Machinery 601 | -10/Subcaves | Ambushed by Subdwellers from Twisted Machinery 601 | -10/Subcaves | Ambushed by Subdwellers from Twisted Machinery 601 | -10/Subcaves | Ambushed by Subdwellers from Twisted Machinery 601 | -10/Subcaves | Ambushed by Subdwellers from Twisted Machinery 601 | -10/Subcaves | Ambushed by Subdwellers from Twisted Machinery 631 | -10/Subcaves | Destroyed 7 combat bots 742 | -10/Subcaves | Visited Clippyterm 745 | -10/Subcaves | Identified exit to Recycling 745 | -10/Subcaves | Learned Factory garrison access intel 891 | -10/Subcaves | Discovered new exit (range 9) 903 | -10/Subcaves | Ambushed by Subdwellers from Twisted Machinery 1061 | -10/Subcaves | Entered Recycling 1062 | -8/Recycling | Met a Zionite searching for Scraptown 1352 | -8/Recycling | Discovered new exit (range 16) 1509 | -8/Recycling | Scanned before Scraplab entrance 1527 | -8/Recycling | Entered Scraplab 1545 | -8/Recycling | Discovered new exit (range 2) 1554 | -8/Recycling | Angered Scraplab inhabitants 1555 | -8/Recycling | Found Prototype Device 1597 | -8/Recycling | Core integrity fell below 50% 1615 | -8/Recycling | Core integrity fell below 20% 1638 | -8/Recycling | Destroyed by U5-66K(j) with Overtuned Pulse Rifle Last Messages --------------- repair Ovr. Titanium Leg. Airjet destroyed. Acquired 2 matter. U5-66K(j) heat short circuits Ovr. Titanium Leg. Acquired 2 matter. Prototype Device integrity failing. Sub. Machine Gun destroyed. U5-66K(j) heat damages Broken Ovr. Titanium Leg. Critical hit (Burn: +50). Prototype Device integrity failing. U5-66K(j) heat damages Ovr. Titanium Leg. Kicked U5-66K(j). Prototype Device integrity failing. Grenade Launcher destroyed. Kicked U5-66K(j) out of the way. Ovr. Titanium Leg destroyed. KP-UWO(c) destroyed. Prototype Device integrity failing. Acquired 12 matter. Critical hit (Burn: +50). Map ----- +----------------------------------------------------+ | | | | | | | | | | | | | | | | | | | | | | | | | | | | | | | | | | | | | | | | | | | ?????????????????????############????????????????? | | ?????????????????????#"""""""#" #????????????????? | | ?????????????????????# " X ## #????????????????? | | ???????????????####### j #????????????????? | | ??????????????## + @ ! #????????????????? | | ??????????????# #####%! c #????????????????? | | ??????????????## #???#! #????????????????? | | ???????????????# #???# & "& X #????????????????? | | ???????????????# #???#"""""""" #????????????????? | | ????????????#### ################????????????????? | | ????????????# #????????????????????????????? | | ????????????# #????????????????????????????? | | ????????????# #????????????????????????????? | | ????????????# #????????????????????????????? | | ????????????####+####????????????????????????????? | | ???????????????# #???????????????????????????????? | | ???????????????# ####????????????????????????????? | | ???????????????# #?????????##############?????? | | ???????????????#### #?????????# !* #?????? | | ??????????????????# #?????????# ! [ #?????? | | ??#####???????????# #???#####?# = #?????? | | ??#"""#???###?????# #???#"""#?# ! #?????? | | ###"Y"##### ####### #####"Y"### #?????? | | # [! #?????? | | % + #?????? | | # #?????? | | ###!!!###################/### # ]= #?????? | | #?#!!!#???????????# [ # # #?????? | | #?#####???????????# [ # + !! #?????? | +----------------------------------------------------+ Best States ------------- Heat Dissipation 25 Energy Generation 10 Energy Capacity 250 Matter Stores 300 Matter Capacity 300 Sight Range 16 Terrain Scan Density 10 Evasion (%) 42 Authchip Count 3 Item Schematics ----------------- None Robot Schematics ------------------ None Fabricated ------------ Nothing Repaired ---------- Nothing Alien Tech Used ----------------- None Achievements -------------- None Challenges ------------ None Game ------ Seed RapidZioniteExtrapolator Manual? 0 Play Time 00:23:00 Cumulative 39.0 hours Start 2025.08.31 @ 22:21:24 End 2025.08.31 @ 22:43:39 Sessions 1 Manual Loads 0 Difficulty Rogue Special Mode None Game No. 52 Rogue 42 Adventurer 10 Explorer 0 Win Type - Total 0 Types 0/0/0/0/0/0/0/0/0/0 Lore% 12 Gallery% 24 Achievement% 30 Wizard Run 0 Options --------- Layout 1 ASCII 0 Keyboard 0 Movement Arrows Keybinds 0 Fullscreen 1 Font 24/Smallcaps Map View 50x35 Zoom Use 0% Tactical HUD 0 Map Filters NONE Filters NONE Steam 1 RUN: e776500d-6f29-442c-84cb-380c031112dd